 Dungeon Sprint DCSS version 0.19.4-8-ga85b6b9 (webtiles) character file.

2561 protoss039 the Severer (level 11, 0/104 HPs)
             Began as a Minotaur Fighter on Feb 7, 2017.
             Was a High Priest of Okawaru.
             Killed from afar by Arachne (47 damage)
             ... with a poison arrow
             ... in the Dungeon (Sprint VI: "Thunderdome").
             The game lasted 00:26:08 (1243 turns).

protoss039 the Severer (Minotaur Fighter)           Turns: 1243, Time: 00:26:08

Health: 0/104      AC: 22    Str: 22    XL:     11   Next: 0%
Magic:  15/15      EV:  5    Int:  4    God:    Okawaru [*****.]
Gold:   323        SH: 13    Dex: 13    Spells: 0 memorised, 12 levels left

rFire  + . .     SeeInvis +     r - +0 broad axe
rCold  . . .     Gourm    .     y - +0 crystal plate armour
rNeg   . . .     Faith    .     c - +0 shield
rPois  .         Spirit   .     (helmet restricted)
rElec  +         Reflect  .     s - +0 cloak
rCorr  .         Harm     .     (no gloves)
MR     ++...     NoTele   +     (no boots)
Stlth  ..........               b - amulet "Xeagoso" {+Rage MR+ Dex+3}
                                w - ring "Pewnama Qeapp" {rF+ Int-3 Dex-2 SInv} (curse)
                                u - ring "Kaumocru" {rElec MR+ Int+2 Dex+2}

@: lethally poisoned (0 -> -10)
A: retaliatory headbutt, horns 2, weak 1
a: Heroism, Finesse, Renounce Religion, Evoke Berserk Rage
}: 1/15 runes: decaying


You were in the Dungeon.
You worshipped Okawaru.
Okawaru was extremely pleased with you.
You were not hungry.

You visited 1 branch You collected 2170 gold pieces.
You spent 1847 gold pieces at shops.

Inventory:

Hand Weapons
 a - a +0 war axe
 r - a +0 broad axe (weapon)
Missiles
 e - 6 steel javelins (quivered)
 l - 4 poisoned javelins
Armour
 c - a +0 shield (worn)
 d - a +0 plate armour
 s - a +0 cloak (worn)
 y - a +0 crystal plate armour (worn)
Jewellery
 b - the amulet "Xeagoso" (around neck) {+Rage MR+ Dex+3}
   (You bought it in a shop in the Dungeon)

   [amulet of rage]

   It affects your dexterity (+3).
   It affects your resistance to hostile enchantments.
   It lets you go berserk.
 t - the ring of the Komtur {rF+ rN+ Str-2 Dex+3 Stlth+}
   (You bought it in a shop in the Dungeon)

   [ring of stealth]

   It affects your strength (-2).
   It affects your dexterity (+3).
   It protects you from fire.
   It protects you from negative energy.
   It makes you more stealthy.
 u - the ring "Kaumocru" (left hand) {rElec MR+ Int+2 Dex+2}
   (You bought it in a shop in the Dungeon)

   [ring of protection from magic]

   It affects your intelligence (+2).
   It affects your dexterity (+2).
   It insulates you from electricity.
   It affects your resistance to hostile enchantments.
 w - the cursed ring "Pewnama Qeapp" (right hand) {rF+ Int-3 Dex-2 SInv}
   (You bought it in a shop in the Dungeon)

   [ring of dexterity]

   It affects your intelligence (-3).
   It affects your dexterity (-2).
   It protects you from fire.
   It lets you see invisible.
   It has a curse placed upon it.
 x - the ring of Noxa {rF+ Str+3 Stlth+}
   (You bought it in a shop in the Dungeon)

   [ring of stealth]

   It affects your strength (+3).
   It protects you from fire.
   It makes you more stealthy.
Wands
 m - a wand of acid (0/15)
 n - a wand of iceblast (4/15)
Scrolls
 k - 4 scrolls of blinking
 o - 3 scrolls of fog
Potions
 h - 3 potions of haste
 i - 2 potions of magic
 j - a potion of flight
 v - a potion of mutation
Miscellaneous
 g - a phial of floods
Comestibles
 f - a bread ration
 p - 18 chunks of flesh
 q - 6 royal jellies


   Skills:
 + Level 12.1 Fighting
 * Level 18.2 Axes
 + Level 3.5 Throwing
 + Level 11.3 Armour
 - Level 3.0 Dodging
 - Level 1.4 Stealth
 + Level 12.4 Shields
 + Level 1.9 Unarmed Combat
 + Level 1.1 Spellcasting
   Level 1.2 Poison Magic
 * Level 7.0 Invocations
 + Level 4.1 Evocations


You had 12 spell levels left.
You didn't know any spells.

Dungeon Overview and Level Annotations

Branches:
Dungeon (1/1)

Altars:
Cheibriados
Dithmenos
Fedhas
Gozag
Kikubaaqudgha
Makhleb
Okawaru
Qazlal
Ru
Sif Muna
Trog
Uskayaw
Vehumet
Xom
Yredelemnul
Zin
The Shining One
Beogh
Jiyva
Lugonu

Shops:
D *[%??*?*:[((!!!!

Annotations:
D Arachne


Innate Abilities, Weirdness & Mutations

You reflexively headbutt those who attack you in melee.
You have a pair of horns on your head.
You are weak. (Str -2)


Message History

Eat one of 19 chunks of flesh? (ye/n/q)
You start eating one of the 19 chunks of flesh.
This raw flesh tastes terrible.
Things that are here:
a ring mail; a vampiric spear A redback comes into view.
Arachne the Weaver comes into view.
She is wielding a staff of poison.
Things that are here:
a giant club x2
Arachne shouts!
Arachne casts a spell.
Arachne blinks!
The redback bites you but does no damage.
Things that are here:
a giant club x2; a two-headed ogre corpse You closely miss the redback.
Arachne stares at you and mumbles some strange words.
The poison arrow hits you!
You are poisoned.
You die...

#⌠%..........⌠#
######.8s[.......8.#####
##∩_(_.[)...###......___∩
###∩...[.[.§8÷# #.8...)....
##.())...)...†.###..........
#⌠(..)......###...###.......
#⌠().)(.....# #.<.# #.......
#⌠.........s###.H.###.......
##.........@...###..........
###∩...[..).8.# #.8........
##∩__......)###......_._∩
######.8.........8.#####
#⌠..[........⌠#
###.........### #_......._#
#........_# #_......._#


You could see Arachne and 2 redbacks.

Vanquished Creatures
  A wizard (D)
  An ogre mage (D)
  A swamp dragon (D)
  A black mamba (D)
  2 guardian mummies (D)
  A tyrant leech (D)
  3 two-headed ogres (D)
  A hippogriff (D)
  A wyvern (D)
  2 water moccasins (D)
  3 porcupines (D)
  6 sky beasts (D)
  5 ogres (D)
  A wolf (D)
  A bullfrog (D)
  A gnoll sergeant (D)
  2 scorpions (D)
  A hound (D)
  A gnoll shaman (D)
  6 orc priests (D)
  5 mummies (D)
  3 gnolls (D)
  A worm (D)
  A giant cockroach (D)
  5 kobolds (D)
56 creatures vanquished.

Vanquished Creatures (others)
  2 kobolds (D)
2 creatures vanquished.

Grand Total: 58 creatures vanquished

Notes
Turn   | Place    | Note
-------+----------+-------------------------------------------
     0 | D        | protoss039 the Minotaur Fighter began the quest for the Orb.
     0 | D        | Reached XP level 1. HP: 19/19 MP: 0/0
     3 | D        | Found a burning altar of Makhleb.
     4 | D        | Found a basalt altar of Yredelemnul.
     5 | D        | Found a bloodstained altar of Trog.
     5 | D        | Found a deep blue altar of Sif Muna.
     5 | D        | Round 1.
     6 | D        | Found a stormy altar of Qazlal.
     6 | D        | Found an iron altar of Okawaru.
     6 | D        | Found Karuatwi's Premium Goods.
     6 | D        | Found Gaynerph's Weapon Rack.
     7 | D        | Noticed a hound
     7 | D        | Found Xyeparocw's Miscellaneous Merchandise.
     7 | D        | Found Yzuriud's Basic Armour.
    15 | D        | Noticed a gnoll sergeant
    15 | D        | Killed a hound
    15 | D        | Reached skill level 5 in Fighting
    15 | D        | Reached skill level 3 in Axes
    15 | D        | Reached skill level 5 in Armour
    15 | D        | Reached skill level 5 in Shields
    15 | D        | Reached XP level 2. HP: 15/29 MP: 1/1
    15 | D        | Reached XP level 3. HP: 18/36 MP: 2/2
    24 | D        | Killed a gnoll sergeant
    24 | D        | Reached skill level 4 in Axes
    24 | D        | Reached XP level 4. HP: 40/45 MP: 3/3
    27 | D        | Found a hide-covered altar of Uskayaw.
    31 | D        | Became a worshipper of Warmaster Okawaru
    36 | D        | Found a glowing golden altar of the Shining One.
    36 | D        | Found Zail's Do-It-Yourself Clinic.
    36 | D        | Found Mapunnem's Bottled Wisdom.
    37 | D        | Found Ryluisi's Distillery.
    38 | D        | Found a corrupted altar of Lugonu.
    38 | D        | Found a snail-covered altar of Cheibriados.
    38 | D        | Found a blossoming altar of Fedhas.
    38 | D        | Found Dacoukov's Distillery.
    42 | D        | Found a viscous altar of Jiyva.
    43 | D        | Found a shimmering altar of Xom.
    44 | D        | Found a radiant altar of Vehumet.
    45 | D        | Found Sasatozi's Staff Store.
    46 | D        | Found a sacrificial altar of Ru.
    46 | D        | Found a roughly hewn altar of Beogh.
    46 | D        | Found an ancient bone altar of Kikubaaqudgha.
    46 | D        | Found Deecel's Magic Scroll Shop.
    46 | D        | Found Juikekes's Must-Have Magic.
    46 | D        | Found Wiom's Magic Scroll Shop.
    50 | D        | Found a glowing silver altar of Zin.
    53 | D        | Found a shadowy altar of Dithmenos.
    61 | D        | Reached skill level 1 in Evocations
    62 | D        | Reached XP level 5. HP: 27/52 MP: 4/4
    64 | D        | Found Eriplizu's Bee Food.
    65 | D        | Found Omics's Jewellery.
    65 | D        | Found Biofisid's Advanced Armour.
    71 | D        | Found an opulent altar of Gozag.
    71 | D        | Found Feppibro's Identification Station.
    82 | D        | Arena points: 14 (+14) [x2]
    99 | D        | Bought 3 royal jellies for 24 gold pieces
   116 | D        | Round 2.
   179 | D        | Reached skill level 5 in Axes
   207 | D        | Reached * piety under Okawaru
   236 | D        | Bought 3 potions of heal wounds for 105 gold pieces
   239 | D        | Arena points: 24 (+10) [x1]
   254 | D        | Round 3.
   255 | D        | Noticed a sky beast
   255 | D        | Noticed a sky beast
   256 | D        | Noticed a sky beast
   259 | D        | Noticed a sky beast
   264 | D        | Noticed a sky beast
   266 | D        | Noticed a sky beast
   279 | D        | Killed a sky beast
   279 | D        | Reached skill level 7 in Axes
   279 | D        | Reached skill level 1 in Dodging
   279 | D        | Reached XP level 6. HP: 34/62 MP: 3/6
   282 | D        | Killed a sky beast
   294 | D        | Killed a sky beast
   294 | D        | Reached skill level 8 in Axes
   294 | D        | Reached skill level 10 in Shields
   294 | D        | Reached XP level 7. HP: 54/70 MP: 5/7
   298 | D        | Reached skill level 9 in Axes
   309 | D        | Reached ** piety under Okawaru
   316 | D        | Arena points: 66 (+42) [x2]
   316 | D        | Reached skill level 10 in Axes
   328 | D        | Gained mutation: You are weak. (Str -2) [mutagenic meat]
   330 | D        | Round 4.
   348 | D        | Bought a +0 broad axe for 120 gold pieces
   354 | D        | Reached skill level 1 in Invocations
   402 | D        | Reached skill level 11 in Axes
   472 | D        | Arena points: 150 (+84) [x3]
   497 | D        | Round 5.
   521 | D        | Bought a +0 cloak for 54 gold pieces
   551 | D        | Bought a shimmering jade ring for 45 gold pieces
   551 | D        | Bought a translucent glass ring for 45 gold pieces
   551 | D        | Identified the ring of the Komtur {rF+ rN+ Str-2 Dex+3 Stlth+} (You bought it in a shop in the Dungeon)
   552 | D        | Identified the ring "Kaumocru" {rElec MR+ Int+2 Dex+2} (You bought it in a shop in the Dungeon)
   556 | D        | Noticed a tyrant leech
   557 | D        | Noticed a witch
   558 | D        | Noticed a swamp dragon
   576 | D        | Killed a tyrant leech
   576 | D        | Reached *** piety under Okawaru
   576 | D        | Reached skill level 10 in Fighting
   576 | D        | Reached XP level 8. HP: 38/79 MP: 7/9
   578 | D        | Killed a swamp dragon
   578 | D        | Reached skill level 13 in Axes
   579 | D        | Noticed a four-headed hydra
   580 | D        | Killed a witch
   580 | D        | Reached **** piety under Okawaru
   580 | D        | Received a gift from Okawaru
   580 | D        | Arena points: 350 (+200) [x5]
   580 | D        | Reached skill level 14 in Axes
   580 | D        | Reached skill level 10 in Armour
   580 | D        | Reached XP level 9. HP: 31/86 MP: 7/11
   584 | D        | HP: 3/86 [poison (poison gas)]
   590 | D        | Got a decaying rune of Zot
   603 | D        | Reached skill level 1 in Throwing
   603 | D        | Reached skill level 1 in Stealth
   603 | D        | Reached skill level 1 in Unarmed Combat
   603 | D        | Reached skill level 1 in Spellcasting
   603 | D        | Reached skill level 1 in Poison Magic
   603 | D        | Reached XP level 10. HP: 39/95 MP: 12/12
   622 | D        | Bought a +0 plate armour for 276 gold pieces
   753 | D        | Round 6.
   785 | D        | Arena points: 638 (+288) [x6]
   806 | D        | Bought a scintillating graven amulet for 45 gold pieces
   806 | D        | Identified the amulet "Xeagoso" {+Rage MR+ Dex+3} (You bought it in a shop in the Dungeon)
   817 | D        | Round 7.
   843 | D        | Reached skill level 15 in Axes
   843 | D        | Reached skill level 5 in Invocations
   977 | D        | Bought a potion of flight for 21 gold pieces
   977 | D        | Bought a potion of curing for 21 gold pieces
   978 | D        | Bought a potion of mutation for 17 gold pieces
   985 | D        | Arena points: 1030 (+392) [x7]
  1010 | D        | Round 8.
  1014 | D        | Bought a fine steel ring for 45 gold pieces
  1014 | D        | Bought a glittering iron ring for 45 gold pieces
  1015 | D        | Identified the cursed ring "Pewnama Qeapp" {rF+ Int-3 Dex-2 SInv} (You bought it in a shop in the Dungeon)
  1017 | D        | Identified the ring of Noxa {rF+ Str+3 Stlth+} (You bought it in a shop in the Dungeon)
  1022 | D        | Noticed an ogre mage
  1047 | D        | Reached skill level 16 in Axes
  1068 | D        | Killed an ogre mage
  1068 | D        | Received a gift from Okawaru
  1068 | D        | Reached ***** piety under Okawaru
  1068 | D        | Arena points: 1670 (+640) [x8]
  1068 | D        | Reached skill level 17 in Axes
  1093 | D        | Round 9.
  1102 | D        | Bought 3 royal jellies for 24 gold pieces
  1133 | D        | Noticed a black mamba
  1141 | D        | Killed a black mamba
  1153 | D        | Reached skill level 18 in Axes
  1192 | D        | Arena points: 2561 (+891) [x9]
  1192 | D        | Reached XP level 11. HP: 33/104 MP: 15/15
  1222 | D        | Bought a +0 crystal plate armour for 960 gold pieces
  1226 | D        | Round 10.
  1242 | D        | Noticed Arachne
  1243 | D        | Killed from afar by Arachne

Skill      XL: |  1  2  3  4  5  6  7  8  9 10 |
---------------+-------------------------------+-----
Fighting       | 5 6 7 8 9 10 11 12 | 12.1
Axes           | 3 4 7 8 11 14 18 | 18.2
Armour         | 5 7 9 10 11 | 11.3
Shields        | 5 6 7 9 10 11 12 | 12.4
Evocations     | 1 2 3 4 |  4.1
Dodging        | 1 2 3 |  3.0
Invocations    | 2 4 7 |  7.0
Throwing       | 1 3 |  3.5
Stealth        | 1 |  1.4
Unarmed Combat | 1 |  1.9
Spellcasting   | 1 |  1.1
Poison Magic   | 1 |  1.2

Action                   |  1- 3 |  4- 6 |  7- 9 | 10-12 || total
-------------------------+-------+-------+-------+-------++-------
Melee: War axe           |     7 |    57 |    21 |       ||    85
       Headbutt          |     2 |     8 |     6 |    20 ||    36
       Broad axe         |       |       |    29 |    87 ||   116
Throw: Javelin           |       |       |       |    12 ||    12
Invok: Heroism           |       |     1 |     1 |       ||     2
 Abil: Evoke Berserk Rag |       |       |       |     1 ||     1
Evoke: Wand              |     5 |     1 |       |       ||     6
  Use: Potion            |     1 |     1 |     9 |     3 ||    14
  Eat: Chunk             |       |       |     1 |     3 ||     4
Armor: Scale mail        |     1 |    26 |    20 |       ||    47
       Plate armour      |       |       |       |    20 ||    20
       Crystal plate arm |       |       |       |     1 ||     1
Dodge: Dodged            |     3 |     9 |    16 |    12 ||    40
Block: Shield            |     7 |    30 |    24 |    36 ||    97
